 Dungeon Crawl Stone Soup version 0.28.0-53-g5a82cb258f (webtiles) character file.

Game seed: 16459771557714655766

4029 protoss039 the Fighter (level 10, 84/84 HPs)
             Began as a Demonspawn Earth Elementalist on June 1, 2022.
             Was a Believer of Vehumet.
             Got out of the dungeon alive.
             The game lasted 00:17:53 (12032 turns).

protoss039 the Fighter (DsEE)                      Turns: 12032, Time: 00:17:54

Health: 84/84      AC: 12    Str:  9    XL:     10   Next: 4%
Magic:  19/19      EV: 12    Int: 20    God:    Vehumet [**....]
Gold:   551        SH:  0    Dex: 14    Spells: 11/22 levels left

rFire   . . .      SeeInvis .   a - +2 short sword (venom)
rCold   . . .      Faith    .   (no shield)
rNeg    + . .      Spirit   .   e - +2 robe {rN+}
rPois   .          Reflect  .   (helmet restricted)
rElec   .          Harm     .   J - +0 cloak
rCorr   .          Rampage  .   C - +2 pair of gloves
Will    .....                   A - +0 pair of boots
Stlth   ++........              (no amulet)
HPRegen 0.24/turn               l - ring of wizardry
MPRegen 0.16/turn               (no ring)

@: no status effects
A: antennae 1, icy blue scales 2, foul stench 1
a: Renounce Religion


You escaped.
You worshipped Vehumet.
Vehumet was pleased with you.
You visited 2 branches of the dungeon, and saw 9 of its levels.
You also visited: Sewer.

You collected 551 gold pieces.

Inventory:

Hand Weapons
 a - a +2 short sword of venom (weapon)
 b - the +3 spear of Gallantry {vorpal, rN+ Dex+3}
   (You took it off a tengu conjurer on level 8 of the Dungeon)

   It inflicts extra damage upon your enemies.
   Dex:       It affects your dexterity (+3).
   rN:        It protects you from negative energy.
 t - a +0 whip of electrocution
 K - a +1 war axe of flaming
Missiles
 c - 149 stones
Armour
 e - a +2 robe of positive energy (worn)
 v - a +0 helmet
 A - a +0 pair of boots (worn)
 B - a +1 ring mail of fire resistance
 C - a +2 pair of gloves (worn)
 J - a +0 cloak (worn)
Jewellery
 l - a ring of wizardry (left hand)
Wands
 u - a wand of flame (36)
 y - a wand of charming (10)
 G - a wand of iceblast (15)
 I - a wand of mindburst (2)
Scrolls
 d - 2 scrolls of fear
 f - a scroll of summoning
 g - 3 scrolls of identify {unknown}
 h - 2 scrolls of amnesia
 i - a scroll of enchant weapon {unknown}
 j - 7 scrolls of teleportation
 n - 2 scrolls of vulnerability {unknown}
 s - a scroll of noise {unknown}
 D - 2 scrolls of enchant armour {unknown}
Potions
 k - 4 potions of brilliance
 m - 5 potions of heal wounds
 o - 2 potions of curing {unknown}
 p - 3 potions of might {unknown}
 q - a potion of invisibility {unknown}
 r - 2 potions of mutation {unknown}
 w - 3 potions of lignification {unknown}
 x - 2 potions of flight {unknown}
 z - a potion of berserk rage {unknown}
 E - a potion of resistance
 F - a potion of cancellation {unknown}
 H - a potion of haste {unknown}


   Skills:
 * Level 9.6 Fighting
 - Level 3.0 Armour
 - Level 1.7 Dodging
 - Level 1.7 Stealth
 + Level 6.6 Spellcasting
 - Level 3.0 Conjurations
 - Level 1.0 Transmutations
 + Level 6.8 Earth Magic


You had 11 spell levels left.
You knew the following spells:

 Your Spells              Type           Power      Damage    Failure   Level
a - Sandblast             Erth           66%        2d15      1%          1
b - Passwall              Tmut/Erth      18%        N/A       1%          2
c - Stone Arrow           Conj/Erth      52%        3d10      1%          3
d - Swiftness             Air            6%         N/A       12%         3
e - Static Discharge      Conj/Air       12%        N/A       3%          2

Your spell library contained the following spells:

 Spells                   Type           Power      Damage    Failure   Level
 Poisonous Vapours        Pois/Air       12%        N/A       6%          2
 Shock                    Conj/Air       48%        1d6       2%          1
 Petrify                  Tmut/Erth      22%        N/A       9%          4
 Sticky Flame             Conj/Fire      12%        2d4       21%         4
 Airstrike                Air            3%         N/A       36%         4
 Dispel Undead            Necr           6%         3d8       36%         4


Dungeon Overview and Level Annotations

Branches:
Dungeon (8/15)             Temple (1/1) D:4           Sewer (visited)
   Lair: D:8-11

Altars:
Ashenzari
Cheibriados
Dithmenos
Gozag
Hepliaklqana
Kikubaaqudgha
Makhleb
Nemelex Xobeh
Okawaru
Qazlal
Sif Muna
Trog
Vehumet
Wu Jian
Xom
Yredelemnul
Zin
The Shining One

Shops:
D:6 [*

Annotations:
D:8 exclusion: door, Harold


Innate Abilities, Weirdness & Mutations

You have a pair of small antennae on your head.
You are mostly covered in icy blue scales. (AC +3)
You may rarely emit foul miasma when damaged in melee.


Message History

The blast of sand hits the tengu conjurer!
You kill the tengu conjurer!
Vehumet accepts your kill.
You have reached level 10!
Your demonic ancestry asserts itself...
A pair of antennae grows on your head!
Your +0 helmet falls away!
(D) Dungeon (T) Temple
Where to? (Enter - D:7 @ (x,y), ? - help)
What level of the Dungeon? (default 1, ? - help)
There is a stone staircase leading up here.
You climb upwards.
There is a stone staircase leading down here.
There is a stone staircase leading up here.
You climb upwards.
There is a stone staircase leading down here.
There is an entrance to Boackejea's Antique Armour Emporium here.
There is a stone staircase leading up here.
You climb upwards.
There is a stone staircase leading down here.
There is a stone staircase leading up here.
You climb upwards.
There is a stone staircase leading down here.
Magic restored.
You see here 26 arrows.
There is a stone staircase leading up here.
You climb upwards.
There is a stone staircase leading down, spattered with blood here.
Things that are here:
26 bolts; a +0 club; a +0 vorpal hand crossbow
There is a stone staircase leading up here.
You climb upwards.
There is a stone staircase leading down here.
There is a stone staircase leading up here.
You climb upwards.
There is a stone staircase leading down, spattered with blood here.
There is an escape hatch in the floor here.
There is a staircase leading out of the dungeon here.
Are you sure you want to leave the Dungeon?
This will make you lose the game!
You have escaped!

........# #..#####
######### #......#
#..###.#
################ #.#
#>.............# #.#
##..#..#..#..#..# #.#
#...............###.###
#...............#.....#
#.>............@#####.#
#...............# #.#
#..^............# #.#
#...#..#..#..#..### #.#
#.>.............#.# #.#
#.###############.# #.#
#.######...######.###.#
#.....................#
#.#.####..##.####.#####


There were no monsters in sight!

Vanquished Creatures
  2 kobold demonologists (D:6)
  3 tengu conjurers (D:8)
  Grinder (D:5)
  Sigmund (D:2)
  A steam dragon (D:8)
  Duvessa (D:4)
  An ogre (D:6)
  A necrophage (D:6)
  3 kobold brigands
  A bullfrog (D:8)
  Blork the orc (D:6)
  A water moccasin zombie (D:7)
  Dowan (D:4)
  5 wights (D:6)
  A howler monkey (D:6)
  A centaur zombie (D:7)
  A centaur skeleton (D:6)
  5 orc priests (D:6)
  2 hounds (D:5)
  2 bullfrog skeletons
  Crazy Yiuf (D:5)
  An iguana (D:7)
  A scorpion zombie (D:3)
  Natasha (twice) (D:2)
  4 orc wizards
  2 howler monkey skeletons (D:6)
  11 adders
  3 river rats (D:3)
  2 shadow imps (D:6)
  2 ufetubi (D:6)
  An adder zombie (D:3)
  2 adder skeletons (D:4)
  5 worms
  A dart slug (D:3)
  26 orcs
  9 ball pythons
  2 bat zombies (D:3)
  9 endoplasms
  5 giant cockroaches
  7 goblins
  7 hobgoblins
  6 quokkas
  7 bats
  2 frilled lizards
  A giant cockroach zombie (D:3)
  A jackal zombie (D:3)
  23 kobolds
  A quokka skeleton (D:2)
  16 rats
  2 rat zombies (D:3)
197 creatures vanquished.

Vanquished Creatures (collateral kills)
  Pikel (D:6)
1 creature vanquished.

Vanquished Creatures (others)
  An orc (D:8)
  A plant (Sewer)
2 creatures vanquished.

Grand Total: 200 creatures vanquished

Notes
Turn   | Place    | Note
-------+----------+-------------------------------------------
     0 | D:1      | protoss039 the Demonspawn Earth Elementalist began the
                  | quest for the Orb.
     0 | D:1      | Reached XP level 1. HP: 13/13 MP: 3/3
   180 | D:1      | Reached skill level 1 in Transmutations
   631 | D:1      | Gained mutation: You are partially covered in icy blue
                  | scales. (AC +2) [demonic ancestry]
   631 | D:1      | Reached XP level 2. HP: 13/20 MP: 0/5
   901 | D:1      | Reached skill level 1 in Fighting
  1809 | D:1      | Learned a level 2 spell: Passwall
  1860 | D:2      | Reached XP level 3. HP: 26/26 MP: 2/6
  1912 | D:2      | Reached skill level 1 in Armour
  2215 | D:2      | Reached skill level 2 in Fighting
  2401 | D:2      | Reached XP level 4. HP: 31/33 MP: 7/7
  2419 | D:2      | Found a faded altar of an unknown god.
  2636 | D:2      | Noticed Natasha
  2643 | D:2      | Killed Natasha
  2812 | D:1      | Learned a level 3 spell: Stone Arrow
  2952 | D:2      | Noticed Sigmund
  3315 | D:2      | Noticed Natasha
  3322 | D:2      | Killed Natasha
  3452 | D:2      | Killed Sigmund
  3453 | D:2      | Reached skill level 3 in Fighting
  3453 | D:2      | Reached XP level 5. HP: 15/41 MP: 1/9
  3796 | D:2      | Gained mutation: You are mostly covered in icy blue scales.
                  | (AC +3) [demonic ancestry]
  3796 | D:2      | Reached XP level 6. HP: 37/47 MP: 8/10
  4099 | D:2      | Learned a level 2 spell: Static Discharge
  4269 | D:3      | Found a glowing drain.
  4315 | Sewer    | Entered a sewer
  4344 | Sewer    | Reached skill level 4 in Fighting
  4344 | Sewer    | Reached skill level 1 in Conjurations
  4929 | D:3      | Gained mutation: You may rarely emit foul miasma when
                  | damaged in melee. [demonic ancestry]
  4929 | D:3      | Reached XP level 7. HP: 48/54 MP: 12/12
  5243 | D:3      | Found an ancient bone altar of Kikubaaqudgha.
  5993 | D:3      | Found a basalt altar of Yredelemnul.
  6217 | D:4      | Found a stormy altar of Qazlal.
  6485 | D:4      | Found a staircase to the Ecumenical Temple.
  6506 | Temple   | Entered the Ecumenical Temple
  6646 | Temple   | Became a worshipper of Vehumet
  6797 | D:4      | Noticed Duvessa
  6797 | D:4      | Noticed Dowan
  6854 | D:4      | Killed Duvessa
  6871 | D:4      | Killed Dowan
  6872 | D:4      | Reached skill level 5 in Fighting
  7419 | D:4      | Learned a level 3 spell: Swiftness
  7420 | D:5      | Entered Level 5 of the Dungeon
  7513 | D:5      | Noticed Grinder
  7770 | D:5      | Found an opulent altar of Gozag.
  7887 | D:5      | Found an iron altar of Okawaru.
  8278 | D:5      | Found a runed translucent door.
  8279 | D:5      | Noticed Crazy Yiuf
  8319 | D:5      | Killed Crazy Yiuf
  8320 | D:5      | Reached XP level 8. HP: 41/63 MP: 10/14
  8453 | D:5      | Killed Grinder
  8707 | D:6      | Noticed Pikel
  8708 | D:6      | Reached * piety under Vehumet
  8708 | D:6      | Offered knowledge of Foxfire by Vehumet.
  8709 | D:6      | Reached skill level 6 in Fighting
  8715 | D:6      | Killed Pikel
  8716 | D:6      | Reached skill level 7 in Fighting
  8716 | D:6      | Reached skill level 5 in Earth Magic
  8719 | D:6      | Reached skill level 5 in Spellcasting
  8829 | D:6      | Found a transporter.
  8832 | D:6      | Noticed a kobold demonologist
  8837 | D:6      | Noticed a kobold demonologist
  8848 | D:6      | Found a transporter.
  9037 | D:6      | Found Gigig's Lightly-Used Armoury.
  9330 | D:6      | Noticed Blork the orc
  9335 | D:6      | Killed Blork the orc
  9518 | D:6      | Reached XP level 9. HP: 72/72 MP: 7/16
  9605 | D:6      | Found Boackejea's Antique Armour Emporium.
 10103 | D:6      | Killed a kobold demonologist
 10104 | D:6      | Reached skill level 8 in Fighting
 10427 | D:6      | Noticed a rust devil
 10544 | D:6      | Killed a kobold demonologist
 11265 | D:8      | Reached ** piety under Vehumet
 11265 | D:8      | Offered knowledge of Poisonous Vapours by Vehumet.
 11266 | D:8      | Reached skill level 9 in Fighting
 11526 | D:8      | Identified the +3 spear of Gallantry {vorpal, rN+ Dex+3}
 11526 | D:8      | Noticed a tengu conjurer
 11539 | D:8      | Killed a tengu conjurer
 11731 | D:8      | Noticed a tengu conjurer
 11735 | D:8      | Killed a tengu conjurer
 11797 | D:8      | Noticed Harold
 11839 | D:8      | Noticed a tengu conjurer
 11847 | D:8      | Killed a tengu conjurer
 11848 | D:8      | Gained mutation: You have a pair of small antennae on your
                  | head. [demonic ancestry]
 11848 | D:8      | Reached XP level 10. HP: 75/84 MP: 2/19
 12032 | D:$      | Got out of the dungeon alive.

Illustrated notes

Levels and vault maps discovered:
D:1:      lemuel_arrival_broad_hall, layout_loops_ring, kennysheep_small_spiral
D:2:      minmay_thinvault, layout_loops_ring, shapermc_ecumenical_altar_venn,
          uniq_sigmund, uniq_natasha
D:3:      layout_basic, nicolae_yredelemnul_corpse_copse,
          lemuel_zombie_altar_kikubaaqudgha, lightli_sewer_entry_pipes,
          chequers_serial_rivers_small_3
D:4:      layout_basic, nicolae_overflow_crystal_walls,
          minmay_temple_entry_butterflies, hangedman_decor_lopped, uniq_duvessa
D:5:      layout_basic, mainiacjoe_overflow_six_doors_small,
          kennysheep_little_box, minmay_misc_feat_doors, uniq_grinder,
          uniq_crazy_yiuf_cottage
D:6:      gammafunk_wand_slinger, layout_gridville, serial_shops,
          nicolae_stop_n_shop_2, chequers_decorated_corner, minmay_shop_damaged,
          uniq_blork_the_orc, uniq_pikel
D:7:      layout_rooms
D:8:      layout_loops_ring, gammafunk_temple_overflow_statue,
          hellmonk_guarded_unrand_staff_of_battle, uniq_harold
Temple:   dshaligram_water_room_temple

Skill      XL: |  1  2  3  4  5  6  7  8  9 |
---------------+----------------------------+-----
Transmutations | 1 |  1.0
Fighting       | 1 2 3 4 5 7 9 |  9.6
Earth Magic    | 3 4 5 6 |  6.8
Armour         | 1 2 3 |  3.0
Spellcasting   | 3 4 5 6 |  6.6
Conjurations   | 1 3 |  3.0
Dodging        | |  1.7
Stealth        | |  1.7

Action                   |  1- 3 |  4- 6 |  7- 9 | 10-12 || total
-------------------------+-------+-------+-------+-------++-------
Melee: Unarmed           |    24 |       |       |       ||    24
       Dagger            |   117 |   127 |     8 |       ||   252
       Spear             |       |    24 |       |       ||    24
       Whip              |       |       |   124 |       ||   124
       Short sword       |       |       |    56 |       ||    56
       Punch             |       |       |     3 |       ||     3
 Cast: Sandblast         |    46 |    33 |    20 |       ||    99
       Static Discharge  |       |    13 |     6 |       ||    19
       Stone Arrow       |       |     4 |   128 |       ||   132
Evoke: Wand              |       |       |     2 |       ||     2
  Use: Scroll            |       |     3 |     2 |       ||     5
       Potion            |       |     1 |     1 |       ||     2
 Stab: Sleeping          |     4 |     3 |     6 |       ||    13
Armor: Robe              |    58 |    81 |    98 |       ||   237
Dodge: Dodged            |   110 |   131 |   140 |       ||   381
